 Dungeon Crawl Stone Soup version 0.30.0-20-g3615ddf2f0 (webtiles) character file.

Game seed: 15741374695963090877

165 qw the Chopper (level 5, 0/32 HPs)
             Began as a Gargoyle Fighter on May 29, 2023.
             Slain by Terence
             ... wielding a +2 heavy flail
              (3 damage)
             ... on level 3 of the Dungeon.
             The game lasted 00:00:59 (2517 turns).

qw the Chopper (Gargoyle Fighter)                   Turns: 2517, Time: 00:01:00

Health: 0/32       AC: 10    Str: 21    XL:     5   Next: 46%
Magic:  5/5        EV: 10    Int:  9    God:
Gold:   200        SH:  5    Dex: 15    Spells: 4/4 levels left

rFire   + . .        Y - +0 war axe
rCold   . . .        c - +0 buckler
rNeg    + . .        b - +0 scale mail
rPois   inf          (no helmet)
rElec   +            (no cloak)
rCorr   .            (no gloves)
SInv    .            (no boots)
Will    .....        (no amulet) Stlth
                     k - ring of protection from fire
HPRegen 0.25/turn    o - +6 ring of dexterity
MPRegen 0.09/turn

%: no passive effects
@: no status effects
A: sickness immunity, AC +4, negative energy resistance 1, electricity
resistance, torment resistance 1, petrification resistance
a: no special abilities


You were on level 3 of the Dungeon.
You visited 1 branch of the dungeon, and saw 3 of its levels.

You collected 200 gold pieces.


Innate Abilities, Weirdness & Mutations

You are immune to sickness and miasma.
Your stone body is resilient. (AC +4)
You are immune to poison.
You resist negative energy. (rN+)
You are resistant to electric shocks. (rElec)
You are resistant to unholy torment.
You are immune to petrification.


   Skills:
 - Level 3.2 Fighting
 + Level 3.8 Axes
 - Level 3.2 Armour
 - Level 2.6 Dodging
 - Level 3.2 Shields


You had 4 spell levels left.
You didn't know any spells.
Your spell library was empty.

Inventory:

Hand Weapons
 p - a +2 flail of venom
 Y - a +0 war axe (weapon)
Armour
 b - a +0 scale mail (worn)
 c - a +0 buckler (worn)
 m - a +0 cloak
Jewellery
 k - a ring of protection from fire (left hand)
 o - a +6 ring of dexterity (right hand)
Wands
 g - a wand of digging (4)
Scrolls
 a - a scroll of identify
Potions
 d - 2 potions of might
 e - a potion of lignification
 f - a potion of heal wounds {unknown}
 h - a potion of cancellation {unknown}
 i - a potion of invisibility {unknown}
 j - a potion of resistance {unknown}
 l - 2 potions of magic {unknown}
 n - a potion of brilliance {unknown}

Dungeon Overview and Level Annotations

Branches:
Dungeon (3/15)

Altars:

Annotations:
D:2 1 runed translucent door, Crazy Yiuf
D:3 exclusion: 3 orcs, Terence


Message History

Terence the Incautious comes into view.
He is wielding a +2 heavy flail.
Terence says, "Rest in peace."
Enter note:
Enter note:
Enter note:
Enter note:
Enter note:
Enter note:
Enter note:
Enter note:
Enter note:
Enter note:
Enter note:
Enter note:
Enter note:
Enter note:
Enter note:
Enter note: You barely miss Terence.
You block Terence's attack.
You hit Terence.
Terence is lightly wounded.
Terence hits you with a +2 heavy flail!
You completely miss Terence.
Terence is lightly wounded.
Terence screams, "I want your blood!" Terence closely misses you.
You slash Terence!
Terence is heavily wounded.
Terence hits you with a +2 heavy flail!
You slash Terence!
Terence is severely wounded.
Terence hits you with a +2 heavy flail!
You hit Terence.
Terence is almost dead.
You block Terence's attack.
You closely miss Terence.
Terence is almost dead.
Terence hits you with a +2 heavy flail.
You die...

... ~~~ #.####
.#...
#~~~~###....#####
.##....
#~.~~#.~~.~...~~.
.[ #...
.#~~~~~~~~~~~~.~~~
## #..
.~~~~~~~~~~~~~~~~~
..
.#.~~~~~~..~~~.~~~
....~~~~~~~~..~~~~
#.....~.~.......~#
#....@@.....#####
#############


You could see Terence.

Vanquished Creatures
  An ogre (D:3)
  2 adders (D:3)
  A worm (D:3)
  2 dart slugs (D:1)
  6 orcs (D:3)
  4 endoplasms
  2 giant cockroaches
  6 goblins
  4 hobgoblins
  3 jackals (D:2)
  A quokka (D:1)
  4 ball pythons
  7 bats
  A frilled lizard (D:2)
  3 kobolds
  4 rats
51 creatures vanquished.

Notes
Turn   | Place    | Note
-------+----------+-------------------------------------------
     0 | D:1      | qw the Gargoyle Fighter began the quest for the Orb.
     0 | D:1      | Reached XP level 1. HP: 14/14 MP: 1/1
     0 | D:1      | 0 ||| qw: Version: 0.2-a-102-g2b76a06
     0 | D:1      | 0 ||| qw: Game counter: 460
     0 | D:1      | 0 ||| qw: Always use a shield: true
     0 | D:1      | 0 ||| qw: God list: Okawaru
     0 | D:1      | 0 ||| qw: Allow faded altars: false
     0 | D:1      | 0 ||| qw: Do Orc after D:15 true
     0 | D:1      | 0 ||| qw: Do second Lair branch before Depths: true
     0 | D:1      | 0 ||| qw: Lair rune preference: random
     0 | D:1      | 0 ||| qw: Plans: Normal, Zot:1-4, Slime:5, God:TSO, Crypt,
                  | Tomb, Pan, Hells, Abyss, Win
     0 | D:1      | 0 ||| PLANNING D:1-11
   147 | D:1      | 147 ||| Stepping ~*~*~tactically~*~*~ (hiding).
   353 | D:1      | Reached XP level 2. HP: 19/19 MP: 2/2
   406 | D:1      | 406 ||| DROPPING +0 club.
   434 | D:1      | 434 ||| Stepping ~*~*~tactically~*~*~ (stealth).
   479 | D:1      | 479 ||| Stepping ~*~*~tactically~*~*~ (hiding).
   690 | D:1      | Reached skill level 3 in Axes
  1097 | D:1      | Reached XP level 3. HP: 23/23 MP: 3/3
  1217 | D:1      | 1217 ||| READING 2 scrolls labelled JILOUSSY WUBLO.
  1218 | D:1      | 1218 ||| READING scroll labelled QUUPSELEOPH.
  1497 | D:2      | 1497 ||| Stepping ~*~*~tactically~*~*~ (stealth).
  1498 | D:2      | 1498 ||| Stepping ~*~*~tactically~*~*~ (stealth).
  1712 | D:2      | 1712 ||| DROPPING +0 whip.
  1897 | D:2      | Found a runed translucent door.
  1898 | D:2      | Noticed Crazy Yiuf
  1901 | D:2      | 1901 ||| UPGRADING to ring of protection from fire.
  1902 | D:2      | 1902 ||| UPGRADING to +6 ring of dexterity.
  1903 | D:2      | 1903 ||| READING 2 scrolls labelled ANORECAALA.
  1904 | D:2      | 1904 ||| READING scroll labelled BESETHEEGU.
  1905 | D:2      | 1905 ||| READING scroll labelled JIEGRU MUXYCH.
  1906 | D:2      | 1906 ||| DROPPING scroll of blinking.
  1959 | D:3      | Noticed an ogre
  1980 | D:3      | Killed an ogre
  1981 | D:3      | Reached XP level 4. HP: 10/28 MP: 4/4
  1981 | D:3      | Reached XP level 5. HP: 12/32 MP: 5/5
  2070 | D:3      | 2070 ||| Stepping ~*~*~tactically~*~*~ (hiding).
  2132 | D:3      | 2132 ||| Stepping ~*~*~tactically~*~*~ (stealth).
  2133 | D:3      | 2133 ||| Stepping ~*~*~tactically~*~*~ (stealth).
  2175 | D:3      | 2175 ||| Stepping ~*~*~tactically~*~*~ (stealth).
  2176 | D:3      | 2176 ||| Stepping ~*~*~tactically~*~*~ (stealth).
  2218 | D:3      | 2218 ||| READING 2 scrolls of identify.
  2218 | D:3      | 2218 ||| IDENTIFYING fuming brown potion
  2288 | D:3      | HP: 8/32 [hobgoblin (4)]
  2504 | D:3      | Noticed Terence
  2515 | D:3      | HP: 3/32 [Terence/+2 heavy flail (10)]
  2517 | D:3      | Slain by Terence

Levels and vault maps discovered:
D:1:      dpeg_chamrin_arrival_tetris, layout_basic
D:2:      layout_basic, minmay_pentomino_t2, uniq_crazy_yiuf_cottage
D:3:      wander_river, layout_loops_ring, kennysheep_vampire_church,
          chequers_serial_rivers_large_a, minmay_cut_off, uniq_terence

Skill      XL: |  1  2  3 |
---------------+----------+-----
Axes           | 2 3 |  3.8
Dodging        | 2 |  2.6
Fighting       | |  3.2
Armour         | |  3.2
Shields        | |  3.2

Action                     |  1- 3 |  4- 6 || total
---------------------------+-------+-------++-------
  Melee: War axe           |    92 |    58 ||   150
    Use: Scroll            |     5 |     1 ||     6
 Armour: Scale mail        |    47 |    25 ||    72
  Dodge: Dodged            |    41 |    24 ||    65
  Block: Buckler           |    20 |    13 ||    33

Table legend:
 A = Non-vault XP
 B = Vault XP
 C = Vault XP percentage of total XP
 D = Non-vault monster count
 E = Vault monster count
 F = Vault count percentage of total count
                 A         B        C        D         E       F
            +---------+---------+-------+---------+---------+-------
      Total |     115 |     122 |  51.5 |      47 |       4 |   7.8
            +---------+---------+-------+---------+---------+-------
        D:1 |      34 |       0 |   0.0 |      18 |       0 |   0.0
        D:2 |      21 |       3 |  12.5 |      12 |       2 |  14.3
        D:3 |      60 |     119 |  66.5 |      17 |       2 |  10.5
            +---------+---------+-------+---------+---------+-------
